AoeStats
← Comend x comend

Nomad

509025631Analyzed
4v4 RM · 6d ago on Sep 25, 2026· 40m 39s· 8 players
Game mode
Random Map
Map size
231×231
Population
200
Speed
Normal
Resources
Standard
Victory
Conquest
Starting age
Dark Age
Ending age
Imperial Age
RankedLock teamsTeams togetherTeam positionsShared explorationLock speedFull tech treeHidden civsTurbo modeCheats
Victory
Defeat
🇺🇸 Malay · United States
1381
+15
🇨🇳 Persians · China
1380
+15
🇺🇸 Spanish · United States
1380
+15
🇵🇪 Celts · Peru
1334
+18
🇨🇴 Burgundians · Colombia
1400
-16
🇲🇽 Slavs · Mexico
1390
-17
🇲🇽 Vietnamese · Mexico
1360
-16
🇺🇸 Japanese · United States
1312
-14
Dusk_
2:56 Loom
13:46 Feudal Age
13:47 Man-at-Arms
14:18 Arson
14:21 Double-Bit Axe
21:35 Town Watch
24:14 Castle Age
22:08 Stone Mining
22:33 Gold Mining
24:56 Fishing Lines
26:12 Fletching
26:25 Guard Tower
35:55 Imperial Age
34:44 Bodkin Arrow
34:47 Murder Holes
35:30 Ballistics
36:07 Yasama
36:26 Pikeman
37:24 Gambesons
OM | Romeo D. Sins
3:20 Loom
13:44 Feudal Age
17:46 Castle Age
15:51 Double-Bit Axe
16:34 Horse Collar
16:25 Man-at-Arms
17:53 Long Swordsman
18:45 Forging
19:42 Scale Mail Armor
23:28 Squires
24:59 Chain Mail Armor
27:45 Iron Casting
29:35 Bow Saw
29:26 Heavy Plow
31:23 Wheelbarrow
31:57 Fletching
OM | Massiosare
5:38 Loom
14:07 Feudal Age
20:05 Castle Age
28:18 Double-Bit Axe
28:15 Horse Collar
28:28 Gold Mining
34:00 Imperial Age
31:54 Bow Saw
36:44 Chemistry
OM | ingjuanpalencia
13:00 Loom
16:10 Feudal Age
24:06 Castle Age
22:40 Double-Bit Axe
22:44 Horse Collar
22:58 Gold Mining
23:35 Bow Saw
23:32 Heavy Plow
26:11 Wheelbarrow
28:04 Crop Rotation
28:42 Two-Man Saw
33:25 Forging
Comend x comend
9:03 Loom
13:20 Feudal Age
19:52 Castle Age
18:08 Double-Bit Axe
20:47 Bow Saw
22:02 Stone Mining
29:14 Stone Shaft Mining
31:21 Gold Mining
31:47 Horse Collar
36:06 Heavy Plow
37:48 Wheelbarrow
42:19 Imperial Age
Fs.Caboclo
4:54 Loom
14:23 Feudal Age
18:30 Castle Age
20:57 Fletching
25:28 Padded Archer Armor
26:33 Double-Bit Axe
27:50 Fishing Lines
34:00 Imperial Age
32:52 Wheelbarrow
33:19 Forging
33:01 Gold Mining
34:42 Stone Mining
34:50 Cavalier
35:30 Husbandry
35:41 Bloodlines
36:01 Scale Barding Armor
37:02 Gold Mining
40:05 Chain Barding Armor
40:23 Iron Casting
40:13 Capped Ram
祈求好运
5:28 Loom
12:15 Feudal Age
15:13 Forging
18:56 Fletching
20:08 Double-Bit Axe
23:52 Castle Age
22:06 Fishing Lines
24:36 Medium Warships
25:53 Guard Tower
28:11 Bow Saw
28:43 Horse Collar
30:09 Wheelbarrow
32:05 Heavy Plow
32:51 Hand Cart
37:34 Imperial Age
35:12 Scale Barding Armor
35:18 Gold Mining
36:27 Iron Casting
37:10 Chain Barding Armor
36:52 Stone Mining
38:07 Gold Shaft Mining
39:02 Blast Furnace
39:46 Chemistry
39:23 Plate Barding Armor
39:07 Husbandry
39:17 Bloodlines
40:01 Conscription
39:42 Elite War Elephant
41:11 Masonry
抖音帝国时代dmv
4:04 Loom
14:36 Feudal Age
17:41 Castle Age
15:47 Fishing Lines
16:12 Double-Bit Axe
18:05 Bow Saw
18:59 Gillnets
20:13 Wheelbarrow
20:49 Town Watch
23:49 Gold Mining
23:30 Man-at-Arms
25:01 Forging
25:03 Squires
24:52 Horse Collar
26:29 Iron Casting
26:00 Long Swordsman
28:34 Heavy Plow
29:54 Gold Shaft Mining
29:09 Stone Mining
29:52 Hand Cart
30:11 Stone Mining
30:37 Town Patrol
33:32 Imperial Age
31:35 Fletching
31:41 Arson
34:02 Blast Furnace
32:24 Two-Handed Swordsman
33:27 Conscription
34:45 Bodkin Arrow
35:24 Town Patrol
37:13 Crop Rotation
37:46 Guilds
39:10 Pikeman
Connection lost

Rejoining the realm…

Still unreachable

The connection could not be restored.

Session expired

The server has moved on; the page needs a fresh start.